 Dungeon Crawl Stone Soup version 0.30.1-3-gfc49f6343a (webtiles) character file.

Game seed: 1293304330298127699

53 DemonSlayer the Digger (level 3, -2/24 HPs)
             Began as a Demonspawn Earth Elementalist on July 24, 2023.
             Slain by Terence
             ... wielding a +0 hand axe
              (5 damage)
             ... on level 2 of the Dungeon.
             The game lasted 00:01:56 (1338 turns).

DemonSlayer the Digger (DsEE)                       Turns: 1338, Time: 00:01:57

Health: -2/24      AC:  9    Str:  8    XL:     3   Next: 64%
Magic:  4/6        EV:  9    Int: 16    God:
Gold:   102        SH:  5    Dex: 15    Spells: 6/7 levels left

rFire   . . .        e - +2 dagger (protect)
rCold   . . .        (no shield)
rNeg    . . .        a - +0 robe
rPois   .            (no helmet)
rElec   .            (no cloak)
rCorr   .            (no gloves)
SInv    .            (no boots)
Will    .....        i - amulet of reflection
Stlth   ++           (no ring)
HPRegen 0.24/turn    (no ring)
MPRegen 0.10/turn

%: reflection
@: under a protective aura, constricted
A: claws 1, hooves 1
a: no special abilities


You were on level 2 of the Dungeon.
You visited 1 branch of the dungeon, and saw 2 of its levels.

You collected 102 gold pieces.

Inventory:

Hand Weapons
 e - a +2 dagger of protection (weapon)
Armour
 a - a +0 robe (worn)
Jewellery
 i - an amulet of reflection (around neck)
Scrolls
 g - a scroll of fear {unknown}
 h - a scroll of magic mapping {unknown}
Potions
 b - a potion of magic
 c - 2 potions of curing {unknown}
 d - a potion of cancellation {unknown}
 f - a potion of might {unknown}
 j - a potion of resistance {unknown}
 k - a potion of heal wounds {unknown}


   Skills:
 + Level 0.1 Short Blades
 + Level 1.8 Dodging
 + Level 2.4 Stealth
 + Level 2.6 Spellcasting
 + Level 0.8 Transmutations
 + Level 3.4 Earth Magic


You had 6 spell levels left.
You knew the following spells:

 Your Spells              Type           Power      Damage    Failure   Level
a - Sandblast             Erth           26%        2d8       4%          1

Your spell library contained the following spells:

 Spells                   Type           Power      Damage    Failure   Level
 Passwall                 Tmut/Erth      6%         N/A       12%         2
 Stone Arrow              Conj/Erth      14%        3d7       28%         3
 Petrify                  Tmut/Erth      8%         N/A       63%         4


Dungeon Overview and Level Annotations

Branches:
Dungeon (2/15)

Altars:

Annotations:
D:2 Terence


Innate Abilities, Weirdness & Mutations

You have sharp fingernails.
You have large cloven feet.


Message History

The ball python constricts you.
Your magical contamination has completely faded away.
You barely miss Terence.
Terence is moderately wounded.
Terence hits you but does no damage. You block the ball python's attack.
The ball python constricts you.
The quokka bites you but does no damage.
You barely miss Terence.
Terence is moderately wounded.
Terence hits you but does no damage. You block the ball python's attack.
The ball python constricts you. The quokka barely misses you.
You barely miss Terence. You kick Terence, but do no damage.
Terence is moderately wounded.
The ball python closely misses you. The ball python constricts you.
Terence completely misses you. The quokka barely misses you.
You hit Terence. Your kick misses Terence.
Terence is heavily wounded.
The ball python closely misses you. The ball python constricts you.
The hobgoblin barely misses you.
The quokka bites you but does no damage.
You block Terence's attack. The ball python barely misses you.
The ball python constricts you.
You hit Terence but do no damage. You kick Terence.
Terence is heavily wounded.
The quokka bites you but does no damage.
The hobgoblin hits you but does no damage.
Terence hits you but does no damage.
The ball python bites you but does no damage.
The ball python constricts you. You block the quokka's attack.
You barely miss Terence. You claw Terence, but do no damage.
Terence is heavily wounded.
The hobgoblin barely misses you. Terence closely misses you.
The ball python bites you but does no damage.
The ball python constricts you.
The quokka bites you but does no damage.
You hit Terence but do no damage.
Terence is heavily wounded.
The hobgoblin hits you but does no damage.
Terence hits you with a +0 hand axe.
You die...

....................
######..............!
##...........#...
##...............####
#...................#
#.....####...# .....# #
#...........###.)...#.
###.....###.!....r.....#
............####@S.....#
###..##.##### #g@.....>
.......<...# ##.......
##.#######..# ......#
#..# ##..# ......# ..##
#... ......# .## ####
...!... .# #...### .#


You could see Terence, a quokka, a hobgoblin and a ball python.

Vanquished Creatures
  An adder (D:2)
  A gnoll (D:1)
  2 dart slugs
  3 endoplasms
  3 goblins
  3 hobgoblins (D:1)
  3 kobolds (D:1)
  4 ball pythons
  5 bats
  2 frilled lizards
  6 rats
33 creatures vanquished.

Notes
Turn   | Place    | Note
-------+----------+-------------------------------------------
     0 | D:1      | DemonSlayer the Demonspawn Earth Elementalist began the
                  | quest for the Orb.
     0 | D:1      | Reached XP level 1. HP: 13/13 MP: 3/3
   215 | D:1      | Discovered your monstrous ancestry.
   215 | D:1      | Gained mutation: You have large cloven feet. [demonic
                  | ancestry]
   215 | D:1      | Reached XP level 2. HP: 19/19 MP: 3/5
   472 | D:1      | Reached skill level 3 in Earth Magic
   779 | D:1      | Gained mutation: You have sharp fingernails. [demonic
                  | ancestry]
   779 | D:1      | Reached XP level 3. HP: 23/24 MP: 4/6
  1320 | D:2      | Noticed Terence
  1327 | D:2      | HP: 1/24 [Terence/+0 hand axe (2)]
  1338 | D:2      | Slain by Terence

Illustrated notes

Levels and vault maps discovered:
D:1:      lordsloth_arrival_two_stooges, layout_loops_ring,
          minmay_tree_intersection
D:2:      layout_rooms, uniq_terence

Skill      XL: |  1  2 |
---------------+-------+-----
Stealth        | 2 |  2.4
Earth Magic    | 3 |  3.4
Short Blades   | |  0.1
Dodging        | |  1.8
Spellcasting   | |  2.6
Transmutations | |  0.8

Action                     || total
---------------------------++-------
  Melee: Unarmed           ||     8
         Dagger            ||    23
         Kick              ||     6
         Punch             ||     1
   Cast: Sandblast         ||    41
   Stab: Sleeping          ||     1
 Armour: Robe              ||    26
  Dodge: Dodged            ||    41
  Block: Other             ||    11
         Reflection        ||     1
